Workbook

Sheet Orçamento Resumo
A1: PLANILHA ORÇAMENTÁRIA
A2: TOMADOR: FUNDAÇÃO HOSPITAL MATERNIDADE SÃO CAMILO
A3: OBRA: ALA D (ALA DOUTOR SIXTO) - 3° PAVIMENTO
A4: Referência: TABELA CUSTOS LABOR/CT-UFES PADRÃO DER-ES NÃO DESONERADOS JULHO/2025 | F4: Leis Sociais: 128,33
A5: Local: Aracruz-ES | F5: BDI: 30%
F6: Data Base: Julho/2025
A7: Item | C7: Especificação do Serviço | D7: % | G7: Preço Total | T7: BDI | U7: BDI DIFERENCIADO | V7: Preço s/ BDI | W7: Total sem BDI
A8: '01 | C8: SERVIÇOS PRELIMINARES | D8: =G8/$F$24 -> 0.036115086 | G8: ='Orçamento sintetico '!H8 -> 106127.12 | T8: 0.3 | U8: 0.2 | W8: =SUM(W9:W23) -> 0
A9: '02 | C9: INSTALAÇÃO DO CANTEIRO DE OBRAS | D9: =G9/$F$24 -> 0.031757477 | G9: ='Orçamento sintetico '!H12 -> 93321.93
A10: 03 | C10: TRANSPORTES | D10: =G10/$F$24 -> 0.0054520185 | G10: ='Orçamento sintetico '!H25 -> 16021.2
A11: 04 | C11: PAREDES E PAINÉIS | D11: =G11/$F$24 -> 0.16909325 | G11: ='Orçamento sintetico '!H27 -> 496894.26
A12: 05 | C12: ESQUADRIAS | D12: =G12/$F$24 -> 0.085102105 | G12: ='Orçamento sintetico '!H39 -> 250079.46
A13: 06 | C13: IMPERMEABILIZAÇÃO | D13: =G13/$F$24 -> 0.010210327 | G13: ='Orçamento sintetico '!H53 -> 30003.878
A14: 07 | C14: TETOS E FORROS | D14: =G14/$F$24 -> 0.057826132 | G14: ='Orçamento sintetico '!H56 -> 169926.8
A15: 08 | C15: REVESTIMENTO DE PAREDES | D15: =G15/$F$24 -> 0.071796632 | G15: ='Orçamento sintetico '!H60 -> 210980.25
A16: 09 | C16: PISOS INTERNOS E EXTERNOS | D16: =G16/$F$24 -> 0.1253301 | G16: ='Orçamento sintetico '!H71 -> 368292.7
A17: 10 | C17: INSTALAÇÕES HIDRO-SANITÁRIAS | D17: =G17/$F$24 -> 0.022783953 | G17: ='Orçamento sintetico '!H81 -> 66952.5
A18: 11 | C18: INSTALAÇÕES ELÉTRICAS | D18: =G18/$F$24 -> 0.14002135 | G18: ='Orçamento sintetico '!H97 -> 411464.14
A19: 12 | C19: OUTRAS INSTALAÇÕES | D19: =G19/$F$24 -> 0.061709829 | G19: ='Orçamento sintetico '!H122 -> 181339.35
A20: 13 | C20: APARELHOS HIDRO-SANITÁRIOS | D20: =G20/$F$24 -> 0.06906389 | G20: ='Orçamento sintetico '!H152 -> 202949.86
A21: 14 | C21: APARELHOS ELÉTRICOS | D21: =G21/$F$24 -> 0.025473379 | G21: ='Orçamento sintetico '!H190 -> 74855.596
A22: 15 | C22: PINTURA | D22: =G22/$F$24 -> 0.081575133 | G22: ='Orçamento sintetico '!H206 -> 239715.17
A23: 16 | C23: TRATAMENTO, CONSERVAÇÃO E LIMPEZA | D23: =G23/$F$24 -> 0.00668934 | G23: ='Orçamento sintetico '!H218 -> 19657.17
A24: TOTAL PARCIAL COM BDI | F24: =G23+G22+G21+G20+G19+G18+G17+G16+G15+G14+G13+G12+G11+G10+G9+G8 -> 2938581.4

Sheet Orçamento sintetico 
B1: PLANILHA ORÇAMENTÁRIA
B2: TOMADOR: FUNDAÇÃO HOSPITAL MATERNIDADE SÃO CAMILO
B3: OBRA: ALA D (ALA DOUTOR SIXTO) - 3° PAVIMENTO
B4: Referência: TABELA CUSTOS LABOR/CT-UFES PADRÃO DER-ES NÃO DESONERADOS JULHO/2025 | G4: Leis Sociais: 128,33
B5: Local: Aracruz-ES | G5: BDI: 30%
G6: Data Base: Julho/2025
B7: Item | C7: Fonte/Código | D7: Especificação do Serviço | E7: Und. | F7: Quant. | G7: Preço Unitário | H7: Preço Total | U7: BDI | V7: BDI DIFERENCIADO | W7: Preço s/ BDI | X7: Total sem BDI
B8: '01 | D8: SERVIÇOS PRELIMINARES | H8: =SUM(H9:H11) -> 106127.12 | U8: 0.3 | V8: 0.2 | X8: =SUM(X9:X219) -> 2289894.4
B9: 0101 | D9: Retirada e limpeza do 2º pavimento | E9: vb | F9: 1 | G9: =W9*(1+$U$8) -> 3492.4299 | H9: =F9*G9 -> 3492.4299 | W9: 2686.4845 | X9: =F9*W9 -> 2686.4845
B10: 0102 | D10: MÃO-DE-OBRA - MENSALISTAS
B11: 010201 | D11: Administração local, considerando engenheiro júnior, almoxarife, mestre de obras sênior | E11: vb | F11: 1 | G11: =W11*(1+$U$8) -> 102634.69 | H11: =F11*G11 -> 102634.69 | W11: 78949.76 | X11: =F11*W11 -> 78949.76
B12: '02 | D12: INSTALAÇÃO DO CANTEIRO DE OBRAS | H12: =SUM(H13:H24) -> 93321.93
B13: 0201 | D13: TAPUMES, BARRACÕES E COBERTURAS
B14: 020101 | C14: LABOR - 2024 - 020305 - 1 | D14: Placa de obra nas dimensões de 2.0 x 4.0 m, padrão DER | E14: m2 | F14: 8 | G14: =W14*(1+$U$8) -> 377.754 | H14: =F14*G14 -> 3022.032 | W14: 290.58 | X14: =F14*W14 -> 2324.64
B15: 020102 | C15: LABOR - 2024 - 020339 - 1 | D15: Locação de andaime metálico (aluguel de 1 m² por 1 mês) inclusive frete, montagem e desmontagem | E15: m2 | F15: 200 | G15: =W15*(1+$U$8) -> 26.702 | H15: =F15*G15 -> 5340.4 | W15: 20.54 | X15: =F15*W15 -> 4108
B16: 020103 | C16: LABOR - 2024 - 020344 - 1 | D16: Mobilização e desmobilização de conteiner locado para barracão de obra | E16: und | F16: 5 | G16: =W16*(1+$U$8) -> 2166.671 | H16: =F16*G16 -> 10833.355 | W16: 1666.67 | X16: =F16*W16 -> 8333.35
B17: 020104 | C17: LABOR - 2024 - 020348 - 1 | D17: Fornecimento e instalação de proteção para andaime fachadeiro considerando plataforma, rodapé e guarda-corpo em madeira, inclusive entelamento, conforme NR-18 (medido por m2 de fachada) | E17: m2 | F17: 200 | G17: =W17*(1+$U$8) -> 36.686 | H17: =F17*G17 -> 7337.2 | W17: 28.22 | X17: =F17*W17 -> 5644
B18: 020105 | C18: LABOR - 2024 - 020350 - 1 | D18: Tapume Telha Metálica Ondulada em aço galvalume 0,50mm Branca h=2,20m, incl. montagem estr. mad. 8"x8", c/adesivo da construtora 60x60cm a cada 10m, incl. faixas pint. esmalte sint. cores azul c/ h=30cm e rosa c/ h=10cm (Reaproveitamento 2x) | E18: m | F18: 50 | G18: =W18*(1+$U$8) -> 184.106 | H18: =F18*G18 -> 9205.3 | W18: 141.62 | X18: =F18*W18 -> 7081
B19: 020106 | C19: LABOR - 2024 - 020352 - 1 | D19: Aluguel mensal container para escritório, dim. 6.00x2.40m, c/ banheiro (vaso+lavat+chuveiro e básc), incl. porta, 2 janelas, abert p/ ar cond., 2 pt iluminação, 2 tom. elét. e 1 tom.telef. Isolam.térmico(teto e paredes), piso em comp. Naval, cert. NR18, incl. laudo descontaminação. | E19: ms | F19: 8 | G19: =W19*(1+$U$8) -> 1598.22 | H19: =F19*G19 -> 12785.76 | W19: 1229.4 | X19: =F19*W19 -> 9835.2
B20: 020107 | C20: LABOR - 2024 - 020353 - 1 | D20: Aluguel mensal container para refeitorio, incl. porta, 2 janelas, abert p/ ar cond., 2 pt iluminação, 2 tomadas elét. e 1 tomada telef. Isolamento térmico (paredes e teto), piso em comp. Naval pintado, cert. NR18, incl. laudo descontaminação. | E20: ms | F20: 8 | G20: =W20*(1+$U$8) -> 1581.021 | H20: =F20*G20 -> 12648.168 | W20: 1216.17 | X20: =F20*W20 -> 9729.36
B21: 020108 | C21: LABOR - 2024 - 020354 - 1 | D21: Aluguel mensal container para vestiário, incl. porta, venezianas de circulação, 1 pt iluminação, Isolamento térmico (teto), piso em comp. Naval pintado, cert. NR18, incl. laudo descontaminação. | E21: ms | F21: 8 | G21: =W21*(1+$U$8) -> 1000.025 | H21: =F21*G21 -> 8000.2 | W21: 769.25 | X21: =F21*W21 -> 6154
B22: 020109 | C22: LABOR - 2024 - 020355 - 1 | D22: Aluguel mensal container sanitário, incl porta, básc, 2 ptos luz, 1 pto aterram., 3vasos, 3lavatórios, calha mictório, 6 chuveiros (1 eletrico), torn.,registros, piso comp. Naval pintado, cert NR18 e laudo descontaminação | E22: ms | F22: 8 | G22: =W22*(1+$U$8) -> 1624.22 | H22: =F22*G22 -> 12993.76 | W22: 1249.4 | X22: =F22*W22 -> 9995.2
B23: 020110 | C23: LABOR - 2024 - 020356 - 1 | D23: Aluguel mensal container para almoxarifado, incl. porta, 2 janelas, 1 pt iluminação, Isolamento térmico (teto), piso em comp. Naval pintado, cert. NR18, incl. laudo descontaminação. | E23: ms | F23: 8 | G23: =W23*(1+$U$8) -> 1188.525 | H23: =F23*G23 -> 9508.2 | W23: 914.25 | X23: =F23*W23 -> 7314
B24: 020111 | C24: LABOR - 2024 - 020811 - 1 | D24: Reservatório de poliestileno de 1000 L, inclusive suporte em madeira de 7x12cm e 5x7cm, elevado de 4m, conforme projeto (2 utilizações) | E24: und | F24: 1 | G24: =W24*(1+$U$8) -> 1647.555 | H24: =F24*G24 -> 1647.555 | W24: 1267.35 | X24: =F24*W24 -> 1267.35
B25: 03 | D25: TRANSPORTES | H25: =SUM(H26) -> 16021.2
B26: 0301 | C26: LABOR - 2024 - 030304 - 1 | D26: Índice de preço para remoção de entulho decorrente da execução de obras (Classe A CONAMA - NBR 10.004 - Classe II-B), incluindo aluguel da caçamba, carga, transporte e descarga em área licenciada | E26: m3 | F26: 150 | G26: =W26*(1+$U$8) -> 106.808 | H26: =F26*G26 -> 16021.2 | W26: 82.16 | X26: =F26*W26 -> 12324
B27: 04 | D27: PAREDES E PAINÉIS | H27: =SUM(H28:H38) -> 496894.26
B28: 0401 | D28: PLACAS E PAINÉIS DIVISÓRIOS
B29: 040101 | C29: Referência Utilizada LABOR - 2024 - 050205 - 4 | D29: Divisória sanitária de granito Branco Siena, esp. 3 cm, assentada com argamassa de cimento e areia no traço 1:3 | E29: m2 | F29: 53.97 | G29: =W29*(1+$U$8) -> 887.419 | H29: =F29*G29 -> 47894.003 | W29: 682.63 | X29: =F29*W29 -> 36841.541
B30: 0402 | D30: ALVENARIA DE VEDAÇÃO EMPREGANDO ARGAMASSA DE CIMENTO, CAL E AREIA
B31: 040201 | C31: LABOR - 2024 - 050601 - 2 | D31: Alvenaria de vedação com blocos de concreto 9x19x39cm, c/ resistência mínimo a compressão de 3 MPa, assentados c/ argamassa de cimento, cal hidratada CH1 e areia no traço 1:0,5:8, preparo com betoneira, esp. juntas 10mm e esp. da parede s/ revestimento 9cm | E31: m2 | F31: 25.575 | G31: =W31*(1+$U$8) -> 92.443 | H31: =F31*G31 -> 2364.2297 | W31: 71.11 | X31: =F31*W31 -> 1818.6382
B32: 0403 | D32: ALVENARIA DE DRYWALL COM ISOLAMENTO ACÚSTICO
B33: 040301 | C33: COTAÇÃO | D33: Alvenaria em DryWall, duas faces, preenchimento com lá de vidro, esp=7 cm, para áreas secas ST/LÃ/ST | E33: m2 | F33: 1134.393 | G33: =W33*(1+$U$8) -> 176.49458 | H33: =F33*G33 -> 200214.21 | W33: 135.76506 | X33: =F33*W33 -> 154010.93
B34: 040302 | C34: COTAÇÃO | D34: Alvenaria em DryWall, duas faces, preenchimento com lá de vidro, esp=7 cm, para áreas secas molhadas ST/LÃ/RU | E34: m2 | F34: 881.496 | G34: =W34*(1+$U$8) -> 184.4195 | H34: =F34*G34 -> 162565.05 | W34: 141.86115 | X34: =F34*W34 -> 125050.04
B35: 040303 | C35: COTAÇÃO | D35: Alvenaria em DryWall, duas faces, preenchimento com lá de vidro, esp=7 cm, para áreas molhadas RU/LÃ/RU | E35: m2 | F35: 173.811 | G35: =W35*(1+$U$8) -> 192.34137 | H35: =F35*G35 -> 33431.046 | W35: 147.9549 | X35: =F35*W35 -> 25716.189
B36: 040304 | C36: COTAÇÃO | D36: Alvenaria em DryWall, duas faces, preenchimento com lá de vidro, esp=7 cm, para áreas resistente a fogo RF/LÃ/RF | E36: m2 | F36: 75.05 | G36: =W36*(1+$U$8) -> 192.34137 | H36: =F36*G36 -> 14435.22 | W36: 147.9549 | X36: =F36*W36 -> 11104.015
B38: 040305 | C38: COTAÇÃO | D38: Fornecimento de placa OSB, espessura de 11mm, para reforço em parede Drywall, para instalação de bancadas de granito (45x60xm) | E38: und | F38: 224 | G38: =W38*(1+$U$8) -> 160.67188 | H38: =F38*G38 -> 35990.5 | W38: 123.59375 | X38: =F38*W38 -> 27685
B39: 05 | D39: ESQUADRIAS | H39: =SUM(H40:H52) -> 250079.46
B40: 0501 | D40: ESQUADRIAS DE MADEIRA - PORTAS SISTEMA KIT PORTA-PRONTA
B41: 050101 | C41: COTAÇÃO | D41: Porta Pronta (KIT) de madeira lisa, de abrir, com batente e guarnição, cor branca, fechadura externa cromada tipo Yale ref Pado/Imab/Papaiz ou equiv e dobradiças 3,0x2,5" cromada, instalada com espuma expansiva, dimensões: 0,60 x 2,10 m (P6) | E41: und | F41: 3 | G41: =W41*(1+$U$8) -> 2155.5564 | H41: =F41*G41 -> 6466.6691 | W41: 1658.1203 | X41: =F41*W41 -> 4974.3608
B42: 050102 | C42: COTAÇÃO | D42: Porta Pronta (KIT) de madeira lisa, de abrir, com batente e guarnição, cor branca, fechadura externa cromada tipo Yale ref Pado/Imab/Papaiz ou equiv e dobradiças 3,0x2,5" cromada, instalada com espuma expansiva, dimensões: 0,80 x 2,10 m (P8) | E42: und | F42: 2 | G42: =W42*(1+$U$8) -> 2155.5564 | H42: =F42*G42 -> 4311.1127 | W42: 1658.1203 | X42: =F42*W42 -> 3316.2406
B43: 050103 | C43: COTAÇÃO | D43: Porta Pronta (KIT) de madeira lisa, de correr, com batente e guarnição, cor branca, fechadura externa cromada tipo asa de avião ref Pado/Imab/Papaiz ou equiv e dobradiças 3,0x2,5" cromada, instalada com espuma expansiva, dimensões: 0,90 x 2,10 m (P9C) | E43: und | F43: 2 | G43: =W43*(1+$U$8) -> 3969.0564 | H43: =F43*G43 -> 7938.1127 | W43: 3053.1203 | X43: =F43*W43 -> 6106.2406
B44: 050104 | C44: COTAÇÃO | D44: Porta Pronta (KIT) de madeira lisa, de abrir, com batente e guarnição, cor branca, fechadura externa cromada tipo Yale ref Pado/Imab/Papaiz ou equiv e dobradiças 3,0x2,5" cromada, instalada com espuma expansiva, dimensões: 1,00 x 2,10 m (P10) | E44: und | F44: 4 | G44: =W44*(1+$U$8) -> 2610.5564 | H44: =F44*G44 -> 10442.225 | W44: 2008.1203 | X44: =F44*W44 -> 8032.4811
B45: 050105 | C45: COTAÇÃO | D45: Porta Pronta (KIT) de madeira lisa, de abrir, com batente e guarnição, cor branca, fechadura externa cromada tipo Yale ref Pado/Imab/Papaiz ou equiv e dobradiças 3,0x2,5" cromada, instalada com espuma expansiva, dimensões: 1,10 x 2,10 m (P11) | E45: und | F45: 34 | G45: =W45*(1+$U$8) -> 2640.8854 | H45: =F45*G45 -> 89790.102 | W45: 2031.4503 | X45: =F45*W45 -> 69069.309
B46: 0502 | D46: ESQUADRIAS DE ALUMÍNIO
B47: 050201 | C47: Referência Utilizada LABOR - 2024 - 071704 - 1 | D47: Porta de abrir tipo veneziana em alumínio anodizado branco, l5, inha completa, incl. puxador com tranca, caixilho, contramarco e dobradiça, instadada em marco de granito, exclusive o marco, dimensões 0,80x2,10 m (P8) | E47: und | F47: 31 | G47: =W47*(1+$U$8) -> 1887.1201 | H47: =F47*G47 -> 58500.722 | W47: 1451.6308 | X47: =F47*W47 -> 45000.555
B48: 050202 | C48: Cotação | D48: Visor de vidro plano transparente liso esp=8 mm com moldura em perfil "U" de alumínio anodizado branco | E48: m2 | F48: 6.72 | G48: =W48*(1+$U$8) -> 969.16792 | H48: =F48*G48 -> 6512.8084 | W48: 745.51378 | X48: =F48*W48 -> 5009.8526
B49: 0503 | D49: MARCO DE GRANITO
B50: 050301 | C50: Referência utilizada LABOR - 2024 - 120227 - 1 | D50: Marco em granito Branco Siena 16x2cm, com acabamento reto simples nos dois lados | E50: m | F50: 170.3 | G50: =W50*(1+$U$8) -> 112.21217 | H50: =F50*G50 -> 19109.732 | W50: 86.317053 | X50: =F50*W50 -> 14699.794
B51: 0504 | D51: REVESTIMENTO EM CHAPA INOX
B52: 050401 | C52: COTAÇÃO | D52: Proteção de portas de madeira com chapa inox AISI 304, esp=1,00mm, h=1,00m | E52: m2 | F52: 43.4 | G52: =W52*(1+$U$8) -> 1083.1331 | H52: =F52*G52 -> 47007.975 | W52: 833.17929 | X52: =F52*W52 -> 36159.981
B53: 06 | D53: IMPERMEABILIZAÇÃO | H53: =SUM(H54:H55) -> 30003.878
B54: 0601 | D54: IMPERMEABILIZAÇÃO BANHEIROS
B55: 060101 | C55: Referência utilizada LABOR - 2024 - 100204 - 1 | D55: Impermeabilização empregando argamassa polimérica Sika, Viapol ou equivalente, 3 demãos | E55: m2 | F55: 468.58 | G55: =W55*(1+$U$8) -> 64.031495 | H55: =F55*G55 -> 30003.878 | W55: 49.254996 | X55: =F55*W55 -> 23079.906
B56: 07 | D56: TETOS E FORROS | H56: =SUM(H57:H59) -> 169926.8
B57: 0701 | D57: REBAIXAMENTOS
B58: 070101 | C58: Cotação | D58: Forro de gesso acartonado com placa ST liso - sem detalhes | E58: m2 | F58: 1052.97 | G58: =W58*(1+$U$8) -> 123.5 | H58: =F58*G58 -> 130041.79 | W58: 95 | X58: =F58*W58 -> 100032.15
B59: 070102 | C59: Cotação | D59: Forro em placas removíveis, em fibra mineral, com isolamento termoacústico em fibra de vidro, estruturado em perfis metálicos, colocado | E59: m2 | F59: 265.9 | G59: =W59*(1+$V$8) -> 150 | H59: =F59*G59 -> 39885 | W59: 125 | X59: =F59*W59 -> 33237.5
B60: 08 | D60: REVESTIMENTO DE PAREDES | H60: =SUM(H61:H70) -> 210980.25
B61: 0801 | D61: REVESTIMENTO COM ARGAMASSA
B62: 080101 | C62: LABOR - 2024 - 120101 - 1 | D62: Chapisco de argamassa de cimento e areia média ou grossa lavada, no traço 1:3, espessura 5 mm | E62: m2 | F62: 411.474 | G62: =W62*(1+$U$8) -> 8.905 | H62: =F62*G62 -> 3664.176 | W62: 6.85 | X62: =F62*W62 -> 2818.5969
B63: 080102 | C63: LABOR - 2024 - 120303 - 1 | D63: Reboco tipo paulista de argamassa de cimento, cal hidratada CH1 e areia média ou grossa lavada no traço 1:0.5:6, espessura 25 mm | E63: m2 | F63: 411.474 | G63: =W63*(1+$U$8) -> 72.241 | H63: =F63*G63 -> 29725.293 | W63: 55.57 | X63: =F63*W63 -> 22865.61
B64: 0802 | D64: ACABAMENTOS
B65: 080201 | C65: Referência utilizada LABOR - 2024 - 130234 - 1 | D65: Porcelanato Originale Bianco 32x60cm Monoporosa - Biancogrés, utilizando dupla colagem de argamassa colante tipo ACIII, inclusive rejuntamento com rejunte acrílico cinza claro, esp= 1,5 mm | E65: m2 | F65: 1032.719 | G65: =W65*(1+$U$8) -> 120.32525 | H65: =F65*G65 -> 124262.17 | W65: 92.557882 | X65: =F65*W65 -> 95586.283
B66: 080202 | C66: COTAÇÃO | D66: Fórmica Formiwal ou equivalente, em paredes, h=1,00m, inclusive aplicação de selador e de cola de contato nas duas faces (parede e fórmica) | E66: m2 | F66: 137.42 | G66: =W66*(1+$U$8) -> 224.99555 | H66: =F66*G66 -> 30918.889 | W66: 173.0735 | X66: =F66*W66 -> 23783.761
B67: 0803 | D67: BATE-MACAS
B68: 080301 | C68: Referência 130308 (MO E MAT GRANITO) + COTAÇÃO | D68: Sistema Completo de Bate Macas granito branco siena esp 20cm | E68: m | F68: 160.45 | G68: =W68*(1+$U$8) -> 75.4 | H68: =F68*G68 -> 12097.93 | W68: 58 | X68: =F68*W68 -> 9306.1
B69: 0804 | D69: ITENS COMPLEMENTARES
B70: 080401 | C70: Referência utilizada LABOR - 2024 - 050603 - 2 LABOR - 2024 - 120303 - 1 22.136.000140.SER (Volare) | D70: Banco do chuveiro em alvenaria revestido com Granito Branco Siena (und) - Dimensão (LxPxA) = (0,62x0,40x0,46) m | E70: und | F70: 26 | G70: =W70*(1+$U$8) -> 396.60727 | H70: =F70*G70 -> 10311.789 | W70: 305.08252 | X70: =F70*W70 -> 7932.1454
B71: 09 | D71: PISOS INTERNOS E EXTERNOS | H71: =SUM(H72:H80) -> 368292.7
B72: 0901 | D72: LASTRO DE CONTRAPISO
B73: 090101 | C73: Referência utilizada LABOR - 2024 - 130103 - 1 com ajuste de traço conforme 130209 | D73: Regularização de base para revestimento cerâmico, com argamassa de cimento e areia no traço 1:3, espessura: 3 cm | E73: m2 | F73: 311.78 | G73: =W73*(1+$U$8) -> 36.599281 | H73: =F73*G73 -> 11410.924 | W73: 28.153293 | X73: =F73*W73 -> 8777.6338
B74: 0902 | D74: ACABAMENTOS
B75: 090201 | C75: Referência utilizada LABOR - 2024 - 130234 - 1 | D75: Porcelanato retificado Cemento Grígio 60x60cm, fabricante Biancogrés, utilizando dupla colagem de argamassa colante tipo ACIII, inclusive rejuntamento com rejunte acrílico cinza claro, esp= 1,5 mm | E75: m2 | F75: 311.78 | G75: =W75*(1+$U$8) -> 137.5028 | H75: =F75*G75 -> 42870.622 | W75: 105.77138 | X75: =F75*W75 -> 32977.401
B76: 090202 | C76: COTAÇÃO PRESENTANTE DA TARKETT + INSTALADOR RECOMENDADO | D76: Piso Vinilico em manta 2.0mm espessura - linha Eclipse Premium -Cor 21020973 – SPIRIT - com rodapé da mesma especificação. Sem detalhes | E76: m2 | F76: 1007.09 | G76: =W76*(1+$V$8) -> 302.256 | H76: =F76*G76 -> 304399 | W76: 251.88 | X76: 253665.83
B77: 0903 | D77: DEGRAUS, RODAPÉS, SOLEIRAS E PEITORIS
B78: 090301 | C78: Referência utilizada LABOR - 2024 - 130304 - 1 | D78: Rodapé de Poliestireno, H=15 cm, cor branca, fixado com parafuso e bucha plástica | E78: m | F78: 140.02 | G78: =W78*(1+$U$8) -> 54.338539 | H78: =F78*G78 -> 7608.4823 | W78: 41.798876 | X78: =F78*W78 -> 5852.6787
B79: 090302 | C79: Referência utilizada LABOR - 2024 - 130311 - 1 | D79: Soleira de Branco Siena, espessura 2 cm e largura de 10 cm, conforme detalhe em projeto, assentada com cimento colante ACIII | E79: m | F79: 36.5 | G79: =W79*(1+$U$8) -> 49.936104 | H79: =F79*G79 -> 1822.6678 | W79: 38.412388 | X79: =F79*W79 -> 1402.0522
B80: 090303 | C80: Referência utilizada LABOR - 2024 - 130308 - 1 | D80: Soleira de Branco Siena, espessura 2 cm e largura de 15 cm, conforme detalhe em projeto, assentada com cimento colante ACIII | E80: m | F80: 3 | G80: =W80*(1+$U$8) -> 60.33552 | H80: =F80*G80 -> 181.00656 | W80: 46.411939 | X80: =F80*W80 -> 139.23582
B81: 10 | D81: INSTALAÇÕES HIDRO-SANITÁRIAS | H81: =SUM(H82:H96) -> 66952.5
B82: 1001 | D82: REDE DE ÁGUA FRIA - TUBOS SOLDÁVEIS DE PVC
B83: 100101 | C83: LABOR - 2024 - 141410 - 1 | D83: Tubo de PVC rígido soldável marrom, DN 25mm (3/4"), inclusive conexões | E83: m | F83: 504 | G83: =W83*(1+$U$8) -> 27.495 | H83: =F83*G83 -> 13857.48 | W83: 21.15 | X83: =F83*W83 -> 10659.6
B84: 100102 | C84: LABOR - 2024 - 141411 - 1 | D84: Tubo de PVC rígido soldável marrom, DN 32mm (1"), inclusive conexões | E84: m | F84: 12 | G84: =W84*(1+$U$8) -> 33.839 | H84: =F84*G84 -> 406.068 | W84: 26.03 | X84: =F84*W84 -> 312.36
B85: 100103 | C85: LABOR - 2024 - 141412 - 1 | D85: Tubo de PVC rígido soldável marrom, DN 40mm (1.1/4"), inclusive conexões | E85: m | F85: 63 | G85: =W85*(1+$U$8) -> 43.68 | H85: =F85*G85 -> 2751.84 | W85: 33.6 | X85: =F85*W85 -> 2116.8
B86: 100104 | C86: LABOR - 2024 - 141413 - 1 | D86: Tubo de PVC rígido soldável marrom, DN 50mm (1.1/2"), inclusive conexões | E86: m | F86: 42 | G86: =W86*(1+$U$8) -> 53.157 | H86: =F86*G86 -> 2232.594 | W86: 40.89 | X86: =F86*W86 -> 1717.38
B87: 100105 | C87: LABOR - 2024 - 141414 - 1 | D87: Tubo de PVC rígido soldável marrom, DN 60mm (2"), inclusive conexões | E87: m | F87: 66 | G87: =W87*(1+$U$8) -> 84.747 | H87: =F87*G87 -> 5593.302 | W87: 65.19 | X87: =F87*W87 -> 4302.54
B88: 1002 | D88: REDE DE ÁGUA QUENTE - TUBOS SOLDÁVEIS DE CPVC
B89: 100201 | C89: Teferência Utilizada LABOR - 2024 - 141410 - 1 | D89: Tubo de CPVC rígido soldável, DN 22mm, inclusive conexões | E89: m | F89: 267 | G89: =W89*(1+$U$8) -> 48.236745 | H89: =F89*G89 -> 12879.211 | W89: 37.105189 | X89: =F89*W89 -> 9907.0854
B90: 100202 | C90: Teferência Utilizada LABOR - 2024 - 141411 - 1 | D90: Tubo de CPVC rígido soldável, DN 28mm, inclusive conexões | E90: m | F90: 192 | G90: =W90*(1+$U$8) -> 69.704966 | H90: =F90*G90 -> 13383.354 | W90: 53.619205 | X90: =F90*W90 -> 10294.887
B91: 100203 | C91: Teferência Utilizada LABOR - 2024 - 141412 - 1 | D91: Tubo de CPVC rígido soldável, DN 35mm, inclusive conexões | E91: m | F91: 111 | G91: =W91*(1+$U$8) -> 109.7316 | H91: =F91*G91 -> 12180.208 | W91: 84.408923 | X91: =F91*W91 -> 9369.3905
B92: 1003 | D92: REDE DE ESGOTO - TUBOS DE PVC
B93: 100301 | C93: LABOR - 2024 - 141906 - 1 | D93: Tubo de PVC rígido soldável branco, para esgoto, série normal, diâmetro 40mm (1 1/2"), inclusive conexões | E93: m | F93: 39 | G93: =W93*(1+$U$8) -> 36.244 | H93: =F93*G93 -> 1413.516 | W93: 27.88 | X93: =F93*W93 -> 1087.32
B94: 100302 | C94: LABOR - 2024 - 141907 - 1 | D94: Tubo de PVC rígido soldável branco, para esgoto, série normal, diâmetro 50mm (2"), inclusive conexões | E94: m | F94: 3 | G94: =W94*(1+$U$8) -> 46.657 | H94: =F94*G94 -> 139.971 | W94: 35.89 | X94: =F94*W94 -> 107.67
B95: 1004 | D95: CAIXAS DE PVC / EQUIPAMENTOS
B96: 100401 | C96: LABOR - 2024 - 142115 - 1 | D96: Tampa para caixa sifonada, em aço inox, de 150x150mm | E96: und | F96: 37 | G96: =W96*(1+$U$8) -> 57.161 | H96: =F96*G96 -> 2114.957 | W96: 43.97 | X96: =F96*W96 -> 1626.89
B97: 11 | D97: INSTALAÇÕES ELÉTRICAS | H97: =SUM(H98:H121) -> 411464.14
B98: 1101 | D98: QUADROS ELÉTRICOS
B99: 110101 | C99: Referência Utilizada LABOR - 2024 - 150315 - 1 | D99: Quadro distrib. energia (QDF-H-Ar Condicionado), embutido ou semi embutido, capac. p/ 14 disj. DIN, inclusive 30% reserva, c/barram trif. 150A-380/220V, barra. neutro e terra, fab. em chapa de aço 12 USG com porta, espelho, trinco com fechad ch yale | E99: und | F99: 1 | G99: =W99*(1+$U$8) -> 5064.8177 | H99: =F99*G99 -> 5064.8177 | W99: 3896.0136 | X99: =F99*W99 -> 3896.0136
B100: 110102 | C100: Referência Utilizada LABOR - 2024 - 150315 - 1 | D100: Quadro distrib. energia, (QFL-D-Iluminação e Tomadas) embutido ou semi embutido, capac. p/ 96 disj. DIN, inclusive 30% reserva, c/barram trif. 500A-220/127V barra. neutro e terra, fab. em chapa de ,aço 12 USG com porta, espelho, trinco com fechad ch yale | E100: und | F100: 1 | G100: =W100*(1+$U$8) -> 22120.818 | H100: =F100*G100 -> 22120.818 | W100: 17016.014 | X100: =F100*W100 -> 17016.014
B101: 1102 | D101: CAIXAS DE PASSAGEM
...

Sheet Cronograma fisico financeiro
A1: PLANILHA ORÇAMENTÁRIA | D1: CRONOGRAMA FISICO E FINANCEIRO
A2: TOMADOR: FUNDAÇÃO HOSPITAL MATERNIDADE SÃO CAMILO
A3: OBRA: ALA D (ALA DOUTOR SIXTO) - 3° PAVIMENTO
A4: Referência: TABELA CUSTOS LABOR/CT-UFES PADRÃO DER-ES NÃO DESONERADOS JULHO/2025 | C4: Leis Sociais: 128,33
A5: Local: Aracruz-ES | C5: BDI: 30%
C6: Data Base: Julho/2025
A7: Item | B7: Especificação do Serviço | C7: Preço Total | D7: % | E7: MÊS 01 | F7: MÊS 02 | G7: MÊS 03 | H7: MÊS 04 | I7: MÊS 05 | J7: MÊS 06 | K7: MÊS 07 | L7: MÊS 08
A8: '01 | B8: SERVIÇOS PRELIMINARES | C8: ='Orçamento sintetico '!H8 -> 106127.12 | D8: =SUM(E8:L8) -> 1 | E8: =1/8 -> 0.125 | F8: =1/8 -> 0.125 | G8: =1/8 -> 0.125 | H8: =1/8 -> 0.125 | I8: =1/8 -> 0.125 | J8: =1/8 -> 0.125 | K8: =1/8 -> 0.125 | L8: =1/8 -> 0.125
E9: =$C$8*E8 -> 13265.89 | F9: =$C$8*F8 -> 13265.89 | G9: =$C$8*G8 -> 13265.89 | H9: =$C$8*H8 -> 13265.89 | I9: =$C$8*I8 -> 13265.89 | J9: =$C$8*J8 -> 13265.89 | K9: =$C$8*K8 -> 13265.89 | L9: =$C$8*L8 -> 13265.89
A10: '02 | B10: INSTALAÇÃO DO CANTEIRO DE OBRAS | C10: ='Orçamento sintetico '!H12 -> 93321.93 | D10: =SUM(E10:L10) -> 1 | E10: 1
E11: =C10*E10 -> 93321.93
A12: 03 | B12: TRANSPORTES | C12: ='Orçamento sintetico '!H25 -> 16021.2 | D12: =SUM(E12:L12) -> 1 | E12: =1/8 -> 0.125 | F12: =1/8 -> 0.125 | G12: =1/8 -> 0.125 | H12: =1/8 -> 0.125 | I12: =1/8 -> 0.125 | J12: =1/8 -> 0.125 | K12: =1/8 -> 0.125 | L12: =1/8 -> 0.125
E13: =$C$12*E12 -> 2002.65 | F13: =$C$12*F12 -> 2002.65 | G13: =$C$12*G12 -> 2002.65 | H13: =$C$12*H12 -> 2002.65 | I13: =$C$12*I12 -> 2002.65 | J13: =$C$12*J12 -> 2002.65 | K13: =$C$12*K12 -> 2002.65 | L13: =$C$12*L12 -> 2002.65
A14: 04 | B14: PAREDES E PAINÉIS | C14: ='Orçamento sintetico '!H27 -> 496894.26 | D14: =SUM(E14:L14) -> 1 | E14: 0.2 | F14: 0.2 | G14: 0.2 | H14: 0.4
E15: =$C$14*E14 -> 99378.852 | F15: =$C$14*F14 -> 99378.852 | G15: =$C$14*G14 -> 99378.852 | H15: =$C$14*H14 -> 198757.7
A16: 05 | B16: ESQUADRIAS | C16: ='Orçamento sintetico '!H39 -> 250079.46 | D16: =SUM(E16:L16) -> 1 | I16: 0.4 | J16: 0.6
I17: =$C$16*I16 -> 100031.78 | J17: =$C$16*J16 -> 150047.68
A18: 06 | B18: IMPERMEABILIZAÇÃO | C18: ='Orçamento sintetico '!H53 -> 30003.878 | D18: =SUM(E18:L18) -> 1 | I18: 0.5 | J18: 0.5
I19: =$C$18*I18 -> 15001.939 | J19: =$C$18*J18 -> 15001.939
A20: 07 | B20: TETOS E FORROS | C20: ='Orçamento sintetico '!H56 -> 169926.8 | D20: =SUM(E20:L20) -> 1 | H20: 0.4 | I20: 0.4 | J20: 0.2
H21: =$C$20*H20 -> 67970.718 | I21: =$C$20*I20 -> 67970.718 | J21: =$C$20*J20 -> 33985.359
A22: 08 | B22: REVESTIMENTO DE PAREDES | C22: ='Orçamento sintetico '!H60 -> 210980.25 | D22: =SUM(E22:L22) -> 1 | G22: 0.2 | H22: 0.4 | I22: 0.4
G23: =$C$22*G22 -> 42196.049 | H23: =$C$22*H22 -> 84392.098 | I23: =$C$22*I22 -> 84392.098
A24: 09 | B24: PISOS INTERNOS E EXTERNOS | C24: ='Orçamento sintetico '!H71 -> 368292.7 | D24: =SUM(E24:L24) -> 1 | H24: 0.2 | I24: 0.2 | J24: 0.2 | K24: 0.2 | L24: 0.2
H25: =$C$24*H24 -> 73658.539 | I25: =$C$24*I24 -> 73658.539 | J25: =$C$24*J24 -> 73658.539 | K25: =$C$24*K24 -> 73658.539 | L25: =$C$24*L24 -> 73658.539
A26: 10 | B26: INSTALAÇÕES HIDRO-SANITÁRIAS | C26: ='Orçamento sintetico '!H81 -> 66952.5 | D26: =SUM(E26:L26) -> 1 | F26: 0.4 | G26: 0.6
F27: =$C$26*F26 -> 26781 | G27: =$C$26*G26 -> 40171.5
A28: 11 | B28: INSTALAÇÕES ELÉTRICAS | C28: ='Orçamento sintetico '!H97 -> 411464.14 | D28: =SUM(E28:L28) -> 1 | E28: =1/8 -> 0.125 | F28: =1/8 -> 0.125 | G28: =1/8 -> 0.125 | H28: =1/8 -> 0.125 | I28: =1/8 -> 0.125 | J28: =1/8 -> 0.125 | K28: =1/8 -> 0.125 | L28: =1/8 -> 0.125
E29: =$C$28*E28 -> 51433.018 | F29: =$C$28*F28 -> 51433.018 | G29: =$C$28*G28 -> 51433.018 | H29: =$C$28*H28 -> 51433.018 | I29: =$C$28*I28 -> 51433.018 | J29: =$C$28*J28 -> 51433.018 | K29: =$C$28*K28 -> 51433.018 | L29: =$C$28*L28 -> 51433.018
A30: 12 | B30: OUTRAS INSTALAÇÕES | C30: ='Orçamento sintetico '!H122 -> 181339.35 | D30: =SUM(E30:L30) -> 1 | J30: 0.4 | K30: 0.4 | L30: 0.2
J31: =$C$30*J30 -> 72535.741 | K31: =$C$30*K30 -> 72535.741 | L31: =$C$30*L30 -> 36267.87
A32: 13 | B32: APARELHOS HIDRO-SANITÁRIOS | C32: ='Orçamento sintetico '!H152 -> 202949.86 | D32: =SUM(E32:L32) -> 1 | K32: 0.4 | L32: 0.6
K33: =$C$32*K32 -> 81179.944 | L33: =$C$32*L32 -> 121769.92
A34: 14 | B34: APARELHOS ELÉTRICOS | C34: ='Orçamento sintetico '!H190 -> 74855.596 | D34: =SUM(E34:L34) -> 1 | K34: 0.4 | L34: 0.6
K35: =$C$34*K34 -> 29942.238 | L35: =$C$34*L34 -> 44913.357
A36: 15 | B36: PINTURA | C36: ='Orçamento sintetico '!H206 -> 239715.17 | D36: =SUM(E36:L36) -> 1 | J36: 0.3 | K36: 0.4 | L36: 0.3
J37: =$C$36*J36 -> 71914.55 | K37: =$C$36*K36 -> 95886.066 | L37: =$C$36*L36 -> 71914.55
A38: 16 | B38: TRATAMENTO, CONSERVAÇÃO E LIMPEZA | C38: ='Orçamento sintetico '!H218 -> 19657.17 | D38: =SUM(E38:L38) -> 1 | E38: =1/8 -> 0.125 | F38: =1/8 -> 0.125 | G38: =1/8 -> 0.125 | H38: =1/8 -> 0.125 | I38: =1/8 -> 0.125 | J38: =1/8 -> 0.125 | K38: =1/8 -> 0.125 | L38: =1/8 -> 0.125
E39: =$C$38*E38 -> 2457.1462 | F39: =$C$38*F38 -> 2457.1462 | G39: =$C$38*G38 -> 2457.1462 | H39: =$C$38*H38 -> 2457.1462 | I39: =$C$38*I38 -> 2457.1462 | J39: =$C$38*J38 -> 2457.1462 | K39: =$C$38*K38 -> 2457.1462 | L39: =$C$38*L38 -> 2457.1462
A40: TOTAL | C40: =SUM(C8:C39) -> 2938581.4
A41: TOTAL NO MÊS | E41: =E42/$C$40 -> 0.089110851 | F41: =F42/$C$40 -> 0.066466955 | G41: =G42/$C$40 -> 0.085383072 | H41: =H42/$C$40 -> 0.16808715 | I41: =I42/$C$40 -> 0.13959586 | J41: =J42/$C$40 -> 0.16548887 | K41: =K42/$C$40 -> 0.14372964 | L41: =L42/$C$40 -> 0.14213761
E42: =E9+E11+E13+E15+E17+E19+E21+E23+E25+E27+E29+E31+E33+E35+E37+E39 -> 261859.49 | F42: =F9+F11+F13+F15+F17+F19+F21+F23+F25+F27+F29+F31+F33+F35+F37+F39 -> 195318.56 | G42: =G9+G11+G13+G15+G17+G19+G21+G23+G25+G27+G29+G31+G33+G35+G37+G39 -> 250905.1 | H42: =H9+H11+H13+H15+H17+H19+H21+H23+H25+H27+H29+H31+H33+H35+H37+H39 -> 493937.76 | I42: =I9+I11+I13+I15+I17+I19+I21+I23+I25+I27+I29+I31+I33+I35+I37+I39 -> 410213.78 | J42: =J9+J11+J13+J15+J17+J19+J21+J23+J25+J27+J29+J31+J33+J35+J37+J39 -> 486302.51 | K42: =K9+K11+K13+K15+K17+K19+K21+K23+K25+K27+K29+K31+K33+K35+K37+K39 -> 422361.23 | L42: =L9+L11+L13+L15+L17+L19+L21+L23+L25+L27+L29+L31+L33+L35+L37+L39 -> 417682.94
A43: TOTAL ACUMULADO | E43: =E42 -> 261859.49 | F43: =E43+F42 -> 457178.04 | G43: =F43+G42 -> 708083.15 | H43: =G43+H42 -> 1202020.9 | I43: =H43+I42 -> 1612234.7 | J43: =I43+J42 -> 2098537.2 | K43: =J43+K42 -> 2520898.4 | L43: =K43+L42 -> 2938581.4
